 Dungeon Crawl Stone Soup version 0.20.0-10-g0535bb4 (webtiles) character file.

26269 McKennaii the Carver (level 12, 0/94 HPs)
             Began as a Demonspawn Fighter on June 5, 2017.
             Was an Elder of Qazlal.
             Succumbed to a death knight's poison
             ... on level 13 of the Dungeon.
             The game lasted 00:36:14 (16885 turns).

McKennaii the Carver (Demonspawn Fighter)          Turns: 16885, Time: 00:36:15

Health: 0/94       AC: 28    Str: 19    XL:     12   Next: 96%
Magic:  13/13      EV:  7    Int: 10    God:    Qazlal [****..]
Gold:   563        SH: 19    Dex: 15    Spells: 11/11 levels left

rFire    + . .     SeeInvis .   P - +4 long sword
rCold    + . .     Gourm    .   s - +1 shield {rF+}
rNeg     + . .     Faith    .   d - +0 plate armour
rPois    .         Spirit   .   I - +1 hat
rElec    .         Reflect  .   o - +0 cloak
rCorr    .         Harm     .   m - +0 pair of gloves
MR       .....                  N - +0 pair of boots
Stlth    ..........             (no amulet)
Regen    0.3/turn               H - ring of positive energy
MPRegen  0.2/turn               F - ring of protection from cold

@: lethally poisoned (0 -> -28), sanguine armour, repel missiles
A: horns 1, nightstalker 2, spiny 2, sanguine armour 2
a: Upheaval, Elemental Force, Renounce Religion


You were on level 13 of the Dungeon.
You worshipped Qazlal.
Qazlal was greatly pleased with you.
You were hungry.

You visited 2 branches of the dungeon, and saw 15 of its levels.

You collected 761 gold pieces.
You spent 198 gold pieces at shops.

Inventory:

Hand Weapons
 O - a +2 long sword of electrocution
 P - a +4 long sword (weapon)
Armour
 d - a +0 plate armour (worn)
 m - a +0 pair of gloves (worn)
 o - a +0 cloak (worn)
 s - a +1 shield of fire resistance (worn)
 I - a +1 hat (worn)
 N - a +0 pair of boots (worn)
Jewellery
 F - a ring of protection from cold (right hand)
 H - a ring of positive energy (left hand)
Wands
 y - a wand of enslavement (14/24)
 J - a wand of flame (17/48)
 M - a wand of polymorph (16/24)
Scrolls
 a - 5 scrolls of enchant armour
 c - 3 scrolls of amnesia
 j - 4 scrolls of magic mapping
 k - a scroll of identify
 l - 2 scrolls of remove curse
 q - a scroll of teleportation
 r - 2 scrolls of fear
 v - a scroll of blinking
 C - a scroll of recharging
 D - a scroll of summoning
 E - a scroll of immolation
 L - a scroll of fog
Potions
 e - a potion of cancellation
 h - 2 potions of haste
 u - a potion of lignification {unknown}
 z - 2 potions of magic
 A - 6 potions of curing
 B - a potion of experience {unknown}
 G - a potion of agility
Books
 p - a Young Poisoner's Handbook

   Spells                             Type                      Level
   a - Sting                          Conjuration/Poison           1
   b - Poisonous Vapours              Poison/Air                   2
   c - Mephitic Cloud                 Conjuration/Poison/Air       3
   d - Olgreb's Toxic Radiance        Poison                       4
   e - Venom Bolt                     Conjuration/Poison           5
 w - a book of Callings

   Spells                             Type                      Level
   a - Summon Small Mammal            Summoning                    1
   b - Call Imp                       Summoning                    2
   c - Call Canine Familiar           Summoning                    3
   d - Summon Guardian Golem          Hexes/Summoning              3
   e - Summon Lightning Spire         Summoning/Air                4
   f - Summon Ice Beast               Ice/Summoning                4
Comestibles
 f - 9 bread rations
 g - 2 royal jellies
 n - 6 meat rations
 x - 12 fruits


   Skills:
 + Level 8.6 Fighting
 + Level 11.2 Long Blades
 + Level 10.0 Armour
 + Level 3.8 Dodging
 - Level 2.0 Stealth
 + Level 11.1 Shields
 + Level 1.0 Invocations
 + Level 2.6 Evocations


You had 11 spell levels left.
You didn't know any spells.

Dungeon Overview and Level Annotations

Branches:
Dungeon (14/15)            Temple (1/1) D:5            Lair (0/6) D:10
    Orc (0/2) D:10
 Vaults: D:13-14

Altars:
Ashenzari
Cheibriados
Dithmenos
Elyvilon
Fedhas
Gozag
Hepliaklqana
Kikubaaqudgha
Makhleb
Nemelex Xobeh
Okawaru
Qazlal
Ru
Sif Muna
Trog
Uskayaw
Vehumet
Xom
Yredelemnul
Zin
The Shining One

Shops:
D:5 [

Annotations:
D:12 1 runed door, Rupert


Innate Abilities, Weirdness & Mutations

You have a pair of small horns on your head.
You are significantly more attuned to the shadows.
You are mostly covered in sharp spines.
When seriously injured, your bleeding wounds create thick armour. (AC +9)


Message History

The death knight reflects your damage back at you!
* * * LOW HITPOINT WARNING * * *
You feel sick.
The death knight's dark mirror aura disappears.
The death knight mumbles some strange prayers to Yredelemnul against you.
Your body is wracked with pain!
* * * LOW HITPOINT WARNING * * *
You feel much better.
You feel sick.
The death knight hits you with a glaive of venom!
* * * LOW HITPOINT WARNING * * *
You are more poisoned.
Okay, then.
You hit the death knight but do no damage.
Your headbutt misses the death knight.
The death knight is almost dead.
* * * LOW HITPOINT WARNING * * *
You feel sick.
Your plate armour prevents you from hitting the death knight.
The death knight is almost dead.
You die...

#.#........#....#########.#......
..#...##..#######.........#......
..#...##..### #.#########......
..#..[......#####.############+##
..#.........##..................#
#.#.........##.###.###..........#
..#.........##.#.....#..........'
..#.........##.#.....#.#######..#
..#.........#.§.@p.>....# ##..#
..#.........#.§#.§...#..# #....
#.#.........#+.#.....#..# ######
..#.........#..###.###.## #.....
..###########.....()...# #.....
#.............##..#.#### #.....
....##.............(########.....
....##...........................
#...##.........#..#..##..#.......


You could see a death knight.

Vanquished Creatures
  Snorg (D:10)
  2 hydras (D:13)
  8 two-headed ogres
  A tengu warrior (D:14)
  An unseen horror (D:14)
  The ghost of McKennaii the Slasher, a novice DsFi (D:6)
  A cyclops (D:13)
  3 manticores
  3 ugly things
  2 molten gargoyles
  A gargoyle (D:9)
  A komodo dragon (D:13)
  6 trolls
  A hornet (D:12)
  2 hippogriffs
  4 wyverns
  A shadow (D:13)
  A vampire (D:11)
  9 yaks
  A spriggan (D:8)
  A basilisk (D:11)
  A fire bat (D:12)
  5 wraiths (D:12)
  A steam dragon (D:11)
  Edmund (D:6)
  2 hungry ghosts
  A warg (D:14)
  Duvessa (D:5)
  2 soldier ants
  2 acid dragons (D:13)
  A hornet zombie (D:13)
  2 porcupines (D:10)
  3 black bears
  5 orc warriors
  2 ice beasts
  3 sky beasts
  2 phantoms
  5 ogres
  An eye of draining (D:13)
  3 necrophages
  10 centaurs
  2 crocodiles
  A big kobold (D:8)
  9 bullfrogs
  A wyvern zombie (D:12)
  A gnoll sergeant (D:9)
  Dowan (D:5)
  2 scorpions
  A wyvern skeleton (D:8)
  6 killer bees
  7 wights
  2 howler monkeys (D:12)
  A bullfrog zombie (D:5)
  10 crimson imps
  A lava snake (D:12)
  A quasit (D:7)
  2 centaur zombies
  4 hounds
  3 jellies
  3 orc priests
  A bullfrog skeleton (D:4)
  8 orc wizards
  4 centaur skeletons
  Jessica (D:2)
  5 iguanas
  8 worker ants
  A hound zombie (D:7)
  2 hound skeletons
  Robin (D:2)
  10 gnolls
  A howler monkey skeleton (D:11)
  9 adders
  2 shadow imps
  An ooze (D:5)
  3 adder zombies
  An adder skeleton (D:9)
  4 worms
  3 dart slugs (D:3)
  8 leopard geckos
  45 orcs
  4 giant cockroaches
  23 goblins
  8 hobgoblins
  16 jackals
  4 quokkas
  3 ball pythons
  19 bats
  5 frilled lizards
  A jackal skeleton (D:6)
  A jackal zombie (D:5)
  17 kobolds
  A quokka zombie (D:5)
  9 rats
391 creatures vanquished.

Vanquished Creatures (others)
  An ogre (D:9)
  A fungus (D:10)
2 creatures vanquished.

Grand Total: 393 creatures vanquished

Notes
Turn   | Place    | Note
-------+----------+-------------------------------------------
     0 | D:1      | McKennaii the Demonspawn Fighter began the quest for the Orb.
     0 | D:1      | Reached XP level 1. HP: 18/18 MP: 1/1
   210 | D:1      | Gained mutation: When seriously injured, your bleeding wounds create armour. (AC +9) [demonic ancestry]
   210 | D:1      | Reached XP level 2. HP: 20/24 MP: 2/2
   828 | D:2      | Noticed Jessica
   836 | D:2      | Killed Jessica
   836 | D:2      | Gained mutation: You are partially covered in sharp spines. [demonic ancestry]
   836 | D:2      | Reached XP level 3. HP: 29/29 MP: 3/3
   872 | D:2      | Reached XP level 4. HP: 11/35 MP: 4/4
  1339 | D:2      | Noticed Robin
  1359 | D:2      | Killed Robin
  1359 | D:2      | Reached skill level 1 in Dodging
  1457 | D:2      | Gained mutation: You are slightly more attuned to the shadows. [demonic ancestry]
  1457 | D:2      | Reached XP level 5. HP: 41/41 MP: 5/5
  2324 | D:3      | Found an opulent altar of Gozag.
  2349 | D:3      | Found a sacrificial altar of Ru.
  3066 | D:4      | Found a basalt altar of Yredelemnul.
  3144 | D:4      | Reached XP level 6. HP: 48/48 MP: 6/6
  3484 | D:4      | Found a glowing golden altar of the Shining One.
  3549 | D:5      | Entered Level 5 of the Dungeon
  3549 | D:5      | Noticed Duvessa
  3549 | D:5      | Noticed Dowan
  3580 | D:5      | Found a staircase to the Ecumenical Temple.
  3602 | D:5      | Killed Duvessa
  3602 | D:5      | Reached XP level 7. HP: 54/54 MP: 7/7
  3611 | D:5      | Killed Dowan
  3850 | D:5      | Found a hide-covered altar of Uskayaw.
  3884 | D:5      | Found Hoeph's Armour Emporium.
  3892 | D:5      | Bought a +1 shield of fire resistance for 198 gold pieces
  3929 | D:5      | Found a shattered altar of Ashenzari.
  3929 | D:5      | Found a white marble altar of Elyvilon.
  4082 | D:6      | Noticed McKennaii's ghost (novice DsFi)
  4093 | D:5      | Reached skill level 5 in Shields
  4101 | D:6      | Found a deep blue altar of Sif Muna.
  4120 | D:6      | Noticed Edmund
  4125 | D:6      | Killed Edmund
  4125 | D:6      | Reached skill level 5 in Long Blades
  4142 | D:6      | Gained mutation: You are significantly more attuned to the shadows. [demonic ancestry]
  4142 | D:6      | Reached XP level 8. HP: 39/61 MP: 8/8
  4510 | D:6      | Found a bloodstained altar of Trog.
  4707 | D:6      | Killed McKennaii's ghost
  4707 | D:6      | Reached skill level 5 in Fighting
  4707 | D:6      | Reached skill level 5 in Armour
  4960 | D:6      | Found an iron altar of Okawaru.
  4960 | D:6      | Found a shimmering altar of Xom.
  4965 | D:6      | Found a deep blue altar of Sif Muna.
  5134 | D:7      | Gained mutation: You have a pair of small horns on your head. [demonic ancestry]
  5134 | D:7      | Reached XP level 9. HP: 68/68 MP: 9/9
  5815 | Temple   | Entered the Ecumenical Temple
  5852 | Temple   | Became a worshipper of Qazlal Stormbringer
  6028 | D:8      | Reached skill level 1 in Stealth
  6148 | D:8      | Noticed a troll
  6150 | D:8      | Killed a troll
  6818 | D:9      | Reached * piety under Qazlal
  6819 | D:9      | Noticed a two-headed ogre
  6903 | D:9      | Killed a two-headed ogre
  6903 | D:9      | Reached XP level 10. HP: 30/76 MP: 10/10
  7426 | D:9      | Found a radiant altar of Vehumet.
  8371 | D:10     | Entered Level 10 of the Dungeon
  8608 | D:10     | Found a staircase to the Lair.
  8690 | D:10     | Noticed a gargoyle
  8706 | D:10     | Reached ** piety under Qazlal
  9285 | D:9      | Killed a gargoyle
  9670 | D:10     | Found a staircase to the Orcish Mines.
  9837 | D:10     | Found a sparkling altar of Nemelex Xobeh.
  9986 | D:11     | Noticed a two-headed ogre
  9994 | D:11     | Reached skill level 1 in Invocations
 10001 | D:11     | Killed a two-headed ogre
 10001 | D:11     | Gained mutation: You are mostly covered in sharp spines. [demonic ancestry]
 10001 | D:11     | Reached XP level 11. HP: 43/83 MP: 11/11
 10027 | D:11     | Noticed Snorg
 10060 | D:11     | Noticed a green ugly thing
 10330 | D:10     | HP: 4/83 [Snorg (8)]
 10751 | D:10     | Killed Snorg
 11068 | D:10     | Killed a purple ugly thing
 11133 | D:11     | Reached skill level 1 in Evocations
 11426 | D:11     | Noticed a two-headed ogre
 11435 | D:11     | Killed a two-headed ogre
 11863 | D:11     | Noticed a two-headed ogre
 11872 | D:11     | Killed a two-headed ogre
 11947 | D:11     | Noticed a two-headed ogre
 11951 | D:11     | Killed a two-headed ogre
 12005 | D:12     | Reached *** piety under Qazlal
 12059 | D:12     | Found an ancient bone altar of Kikubaaqudgha.
 12119 | D:12     | Found a runed door.
 12119 | D:12     | Found a snail-covered altar of Cheibriados.
 12160 | D:12     | Found an iron altar of Okawaru.
 12176 | D:12     | Found a shimmering altar of Xom.
 12222 | D:12     | Found a glowing silver altar of Zin.
 12234 | D:12     | Found a bloodstained altar of Trog.
 12403 | D:12     | Noticed a two-headed ogre
 12411 | D:12     | Noticed a green ugly thing
 12411 | D:12     | Killed a two-headed ogre
 12411 | D:12     | Reached skill level 10 in Long Blades
 12424 | D:12     | Killed a green ugly thing
 13044 | D:12     | Noticed a two-headed ogre
 13050 | D:11     | Gained mutation: When seriously injured, your bleeding wounds create thick armour. (AC +9) [demonic ancestry]
 13050 | D:11     | Reached XP level 12. HP: 69/92 MP: 13/13
 13063 | D:12     | Killed a two-headed ogre
 13163 | D:12     | Found a runed door.
 13255 | D:12     | Reached **** piety under Qazlal
 13582 | D:12     | Noticed a sphinx
 13582 | D:12     | Noticed a seven-headed hydra
 13582 | D:12     | Noticed a fire dragon
 13582 | D:12     | Noticed a two-headed ogre
 13592 | D:12     | Paralysed by a sphinx for 4 turns
 14076 | D:12     | Paralysed by a hornet for 2 turns
 14081 | D:12     | Reached skill level 10 in Shields
 14396 | D:13     | Noticed Rupert
 14397 | D:13     | Paralysed by Rupert for 6 turns
 14407 | D:13     | Found a glowing golden altar of the Shining One.
 14970 | D:13     | Noticed a two-headed ogre
 14977 | D:13     | Killed a two-headed ogre
 15020 | D:13     | Paralysed by Rupert for 5 turns
 15031 | D:12     | Paralysed by Rupert for 7 turns
 15045 | D:12     | Paralysed by Rupert for 3 turns
 15072 | D:12     | Paralysed by Rupert for 6 turns
 15105 | D:13     | Noticed a seven-headed hydra
 15341 | D:13     | Killed a 16-headed hydra
 16154 | D:13     | Noticed a seven-headed hydra
 16195 | D:13     | Killed an 11-headed hydra
 16371 | D:14     | Reached skill level 10 in Armour
 16445 | D:14     | Noticed a tengu warrior
 16471 | D:14     | Killed a tengu warrior
 16864 | D:13     | Noticed a death knight
 16884 | D:13     | HP: 3/94 [poisoned by a death knight]
 16885 | D:13     | Succumbed to a death knight's poison

Skill      XL: |  1  2  3  4  5  6  7  8  9 10 11 12 |
---------------+-------------------------------------+-----
Shields        | 3 4 5 6 8 9 11 | 11.1
Long Blades    | 2 3 4 5 6 7 8 10 11 | 11.2
Armour         | 3 4 5 7 8 9 10 | 10.0
Dodging        | 1 2 3 |  3.8
Fighting       | 4 5 6 7 8 |  8.6
Stealth        | 1 2 |  2.0
Invocations    | 1 |  1.0
Evocations     | 1 2 |  2.6

Action                   |  1- 3 |  4- 6 |  7- 9 | 10-12 || total
-------------------------+-------+-------+-------+-------++-------
Melee: Long sword        |    91 |   147 |       |   537 ||   775
       Falchion          |       |    73 |   259 |   255 ||   587
       Headbutt          |       |       |    18 |   196 ||   214
Invok: Upheaval          |       |       |       |     1 ||     1
Evoke: Wand              |       |       |     1 |    24 ||    25
  Use: Scroll            |       |       |     3 |    28 ||    31
       Potion            |       |       |     1 |    12 ||    13
 Stab: Paralysed         |       |     2 |       |    16 ||    18
  Eat: Chunk             |       |     9 |    10 |    29 ||    48
       Fruit             |       |       |       |     1 ||     1
       Meat ration       |       |       |       |     1 ||     1
Armor: Scale mail        |    39 |    23 |       |       ||    62
       Chain mail        |       |    51 |    98 |    71 ||   220
       Plate armour      |       |       |       |   286 ||   286
Dodge: Dodged            |    30 |    43 |    35 |   138 ||   246
       Deflected         |       |       |       |     1 ||     1
Block: Shield            |    51 |   112 |   122 |   715 ||  1000
       Rpst.: Long sword |     8 |    11 |       |    11 ||    30
       Falchion          |       |     5 |    13 |    13 ||    31
